 Dungeon Crawl Stone Soup version 0.29.0-4-gdea44cf6ec (webtiles) character file.

Game seed: 16941057166708353629

4 qw the Sneak (level 1, -2/14 HPs)
             Began as a Gargoyle Delver on Sept 10, 2022.
             Killed from afar by an orc wizard (9 damage)
             ... with a puff of flame
             ... on level 4 of the Dungeon.
             The game lasted 00:00:06 (413 turns).

qw the Sneak (Gargoyle Delver)                       Turns: 413, Time: 00:00:07

Health: -2/14      AC:  5    Str: 15    XL:     1   Next: 70%
Magic:  1/1        EV: 11    Int: 10    God:
Gold:   14         SH:  0    Dex: 11    Spells: 0/0 levels left

rFire   . . .      SeeInvis .   Y - +0 hand axe
rCold   . . .      Faith    .   (no shield)
rNeg    + . .      Spirit   .   b - +0 leather armour
rPois   inf        Reflect  .   (no helmet)
rElec   +          Harm     .   (no cloak)
rCorr   .          Rampage  .   (no gloves)
Will    .....                   (no boots)
Stlth   +++.......              (no amulet)
HPRegen 0.04/turn               (no ring)
MPRegen 0.07/turn               (no ring)

@: no status effects
A: sickness immunity, AC +2, negative energy resistance 1, electricity
resistance, torment resistance 1, petrification resistance
a: no special abilities


You were on level 4 of the Dungeon.
You visited 1 branch of the dungeon, and saw 2 of its levels.

You collected 14 gold pieces.


Innate Abilities, Weirdness & Mutations

You are immune to sickness and miasma.
Your stone body is resilient. (AC +2)
You are immune to poison.
You resist negative energy. (rN+)
You are resistant to electric shocks. (rElec)
You are resistant to unholy torment.
You are immune to petrification.


   Skills:
 - Level 3.2 Fighting
 + Level 2.2 Axes
 - Level 1.5 Dodging
 - Level 5.4 Stealth


You couldn't memorise any spells.
You didn't know any spells.
Your spell library was empty.

Inventory:

Hand Weapons
 d - a +0 whip
 Y - a +0 hand axe (weapon)
Armour
 b - a +0 leather armour (worn)
Wands
 g - a wand of digging (3)
Scrolls
 e - a scroll of noise {unknown}
Potions
 f - a potion of haste

Dungeon Overview and Level Annotations

Branches:
Dungeon (5/15)
 Temple: D:4-7

Altars:


Message History

Found 8 stones.
362 ||| Stepping ~*~*~tactically~*~*~ (stealth).
A quokka is nearby!
You barely miss the quokka. The quokka closely misses you.
The quokka bites you.
You slash the quokka!
You kill the quokka!
Your Axes skill increases to level 2!
You start resting.
HP restored.
Found a stone staircase leading up.
405 ||| READING scroll labelled TUCWIL WUMMORA.
As you read the scroll labelled TUCWIL WUMMORA, it crumbles to dust.
You feel strangely unstable.
It was a scroll of teleportation.
You start waiting.
Your surroundings suddenly seem different.
A giant cockroach, an orc and 2 orc wizards come into view.
Found a book of Air, a scroll labelled CUVAAG VANNENI and 17 gold pieces.
Found a stone staircase leading down.
Enter note: The helpless orc fails to defend itself.
You hit the orc.
The orc is severely wounded.
The orc wizard shouts! x2
The orc closely misses you.
The orc wizard points at you and mumbles some strange words.
The puff of flame hits you.
You slash the orc!
You kill the orc!
You closely miss the orc wizard. You completely miss the orc wizard.
You closely miss the orc wizard.
The orc wizard hits you with a +0 dagger.
The orc wizard hits you but does no damage.
You miss the orc wizard.
You hit the orc wizard but do no damage.
The orc wizard hits you but does no damage.
The orc wizard points at you and mumbles some strange words.
The puff of flame hits you!
Ouch! That really hurt!
You die...

.. .. .. .# .#
.######
###......#
#.@)...:..
......ooB..>...
..............?
......$........
...............
.......######.#
....... .
.......


You could see 2 orc wizards and a giant cockroach.

Vanquished Creatures
  An orc (D:4)
  A quokka (D:4)
  A ball python (D:4)
  A kobold (D:4)
4 creatures vanquished.

Notes
Turn   | Place    | Note
-------+----------+-------------------------------------------
     0 | D:5      | qw the Gargoyle Delver began the quest for the Orb.
     0 | D:5      | Reached XP level 1. HP: 14/14 MP: 1/1
     0 | D:5      | 0 ||| qw: Version: 0.1-a-116-g5d60599
     0 | D:5      | 0 ||| qw: Game counter: 9064
     0 | D:5      | 0 ||| qw: Always use a shield: true
     0 | D:5      | 0 ||| qw: God list: Okawaru
     0 | D:5      | 0 ||| qw: Allow faded altars: false
     0 | D:5      | 0 ||| qw: Do Orc after D:15 true
     0 | D:5      | 0 ||| qw: Do second Lair branch before Depths: true
     0 | D:5      | 0 ||| qw: Lair rune preference: random
     0 | D:5      | 0 ||| qw: Plans: Normal
     0 | D:5      | 0 ||| PLANNING D:1-11
     9 | D:5      | 9 ||| DROPPING scroll of fog.
    10 | D:5      | 10 ||| DROPPING scroll of magic mapping.
    11 | D:5      | 11 ||| DROPPING scroll of fear.
   154 | D:4      | 154 ||| Stepping ~*~*~tactically~*~*~ (stealth).
   332 | D:4      | 332 ||| Stepping ~*~*~tactically~*~*~ (stealth).
   333 | D:4      | 333 ||| Stepping ~*~*~tactically~*~*~ (stealth).
   362 | D:4      | 362 ||| Stepping ~*~*~tactically~*~*~ (stealth).
   405 | D:4      | 405 ||| READING scroll labelled TUCWIL WUMMORA.
   408 | D:4      | Noticed an orc wizard
   408 | D:4      | Noticed an orc wizard
   413 | D:4      | Killed from afar by an orc wizard

Levels and vault maps discovered:
D:4:      layout_basic, serial_demonic, serial_demonic_a, serial_demonic_a,
          serial_demonic_a, serial_demonic_a, gammafunk_ghost_cemetery
D:5:      layout_loops_corners, dilly_guarded_unrand_morg,
          uniq_crazy_yiuf_cottage, uniq_eustachio

Skill      XL: |  1 |
---------------+----+-----
Axes           | 2 |  2.2
Fighting       | |  3.2
Dodging        | |  1.5
Stealth        | |  5.4

Action                   || total
-------------------------++-------
Melee: Hand axe          ||    17
  Use: Scroll            ||     1
 Stab: Sleeping          ||     1
Armor: Leather armour    ||     4
Dodge: Dodged            ||     7

Table legend:
 A = Non-vault XP
 B = Vault XP
 C = Vault XP percentage of total XP
 D = Non-vault monster count
 E = Vault monster count
 F = Vault count percentage of total count
                 A         B        C        D         E       F
            +---------+---------+-------+---------+---------+-------
      Total |       7 |       0 |   0.0 |       4 |       0 |   0.0
            +---------+---------+-------+---------+---------+-------
        D:4 |       7 |       0 |   0.0 |       4 |       0 |   0.0
            +---------+---------+-------+---------+---------+-------
